[ AOE2 MATCH · #506212381 ]
UnrankedMongols vs Mongols
Player's team · WIN
Rival team · LOSS
[ REPLAY ANALYSIS · EXTRACTED FROM THE RECORDED GAME ]
Feudal
—
Castle
—
Imperial
—
| APM avg | 63.2 |
| APM peak | 77 |
| eAPM avg | 27.7 |
| Villagers / military | 18 / 0 |
Focus
⚔️ 9.1% · 🌾 90.9%
Feudal
—
Castle
—
Imperial
—
| APM avg | 89.4 |
| APM peak | 110 |
| eAPM avg | 19.1 |
| Villagers / military | 12 / 0 |
Focus
⚔️ 12.5% · 🌾 87.5%
Match map
Initial resources + every placement click. Lines = walls · curves = elevation contours. ◆ gold · ⬟ stone · ● berries · ✦ relic · ◌ wall gap
Your base
JustPlayer's base
Smoothed initial terrain · ◌ = detected wall gap · hover for details
Inputs per minute
— HellionBlue - - JustPlayer
Build order — HellionBlue
23 actions detected in the replay
| 0:01 | Queue | Villager (Male) |
| 0:01 | Queue | Villager (Male) |
| 0:02 | Build | House |
| 0:02 | Queue | Villager (Male) |
| 0:02 | Queue | Villager (Male) |
| 0:04 | Build | House |
| 1:26 | Queue | Villager (Male) |
| 1:26 | Queue | Villager (Male) |
| 1:59 | Queue | Villager (Male) |
| 1:59 | Queue | Villager (Male) |
| 2:13 | Queue | Villager (Male) |
| 2:13 | Queue | Villager (Male) |
| 2:30 | Queue | Villager (Male) |
| 2:31 | Queue | Villager (Male) |
| 2:31 | Queue | Villager (Male) |
| 2:42 | Build | Lumber Camp |
| 3:29 | Build | House |
| 3:30 | Build | Palisade Wall |
| 3:35 | Queue | Villager (Male) |
| 3:36 | Queue | Villager (Male) |
| 3:36 | Queue | Villager (Male) |
| 3:36 | Queue | Villager (Male) |
| 3:37 | Queue | Villager (Male) |
Build order — JustPlayer
17 actions detected in the replay
| 0:01 | Queue | Villager (Male) |
| 0:01 | Queue | Villager (Male) |
| 0:01 | Queue | Villager (Male) |
| 0:02 | Build | House |
| 0:03 | Build | House |
| 0:24 | Queue | Villager (Male) |
| 1:32 | Queue | Villager (Male) |
| 1:46 | Build | Lumber Camp |
| 2:02 | Queue | Villager (Male) |
| 2:02 | Queue | Villager (Male) |
| 2:02 | Queue | Villager (Male) |
| 2:29 | Queue | Villager (Male) |
| 2:34 | Build | House |
| 2:42 | Build | House |
| 2:46 | Queue | Villager (Male) |
| 2:46 | Queue | Villager (Male) |
| 2:59 | Queue | Villager (Male) |
Match timeline
| 3:30 | HellionBlue · wall_segment Palisade Wall x1 |
| 3:58 | JustPlayer · resign |
[ AI ANALYSIS · 1 CREDIT ]
What really happened in this match?
Wolo.gg analyzes every decision: build order, eco, micro, common mistakes by bracket. Personalized analysis on WhatsApp or Discord in 30 seconds.
Civ guide
Mongols
Perfil
Jugador #2698259